 Dungeon Crawl Stone Soup version 0.25.0-11-g1f837a76a1 (webtiles) character file.

Game seed: 10122839913434071148

9713 DunjonMajik the Cleaver (level 11, -6/84 HPs)
             Began as a Formicid Fighter on June 24, 2020.
             Was a High Priest of Uskayaw.
             Hit by a stone thrown by an orc warrior (10 damage)
             ... on level 10 of the Dungeon.
             The game lasted 00:30:05 (11390 turns).

DunjonMajik the Cleaver (Formicid Fighter)         Turns: 11390, Time: 00:30:06

Health: -6/84      AC: 18    Str: 22    XL:     11   Next: 79%
Magic:  14/14      EV:  8    Int: 10    God:    Uskayaw [*****.]
Gold:   520        SH: 12    Dex: 10    Spells: 10/10 levels left

rFire    . . .     SeeInvis +   a - +0 war axe
rCold    . . .     Gourm    .   c - +0 kite shield
rNeg     + . .     Faith    +   J - +3 chain mail
rPois    +         Spirit   .   (helmet unavailable)
rElec    .         Reflect  .   D - +1 cloak {rPois}
rCorr    .         Harm     .   h - +0 pair of gloves
MR       ++...                  L - +0 pair of boots
Stlth    ..........             G - amulet of faith
HPRegen  0.24/turn              v - ring of positive energy
MPRegen  0.14/turn              o - ring of protection from magic

@: no status effects
A: permanent stasis, dig shafts and tunnels, four strong arms, antennae 3
a: Dig, Shaft Self, Stomp, Line Pass, Grand Finale, Renounce Religion


You were on level 10 of the Dungeon.
You worshipped Uskayaw.
Uskayaw was noncommittal.
You were not hungry.

You visited 2 branches of the dungeon, and saw 11 of its levels.

You collected 571 gold pieces.
You spent 51 gold pieces at shops.

Inventory:

Hand Weapons
 a - a +0 war axe (weapon)
 C - a +4 quarterstaff of chaos
Missiles
 i - 68 poisoned darts
 k - 13 atropa-tipped darts
 t - 18 boomerangs (quivered)
 F - 6 curare-tipped darts
 I - 3 throwing nets
Armour
 c - a +0 kite shield (worn)
 h - a +0 pair of gloves (worn)
 u - a +0 tower shield
 D - a +1 cloak of poison resistance (worn)
 E - a scarf of harm
 J - a +3 chain mail (worn)
 L - a +0 pair of boots (worn)
Jewellery
 o - a ring of protection from magic (right hand)
 r - an uncursed ring of fire
 v - a ring of positive energy (left hand)
 G - an amulet of faith (around neck)
 K - an uncursed amulet of the acrobat
 O - a +6 ring of intelligence
Wands
 N - a wand of disintegration (16)
Scrolls
 b - 2 scrolls of magic mapping
 e - 10 scrolls of remove curse
 l - a scroll of fear {unknown}
 m - a scroll of random uselessness {unknown}
 n - 2 scrolls of enchant armour
 p - 2 scrolls of identify
 w - a scroll of fog {unknown}
 x - 2 scrolls of immolation {unknown}
 y - a scroll of amnesia
 M - a scroll of enchant weapon {unknown}
Potions
 d - 2 potions of lignification
 g - 2 potions of curing
 j - a potion of stabbing {unknown}
 q - 2 potions of flight {unknown}
 s - 3 potions of brilliance
 z - 2 potions of heal wounds
 A - 3 potions of cancellation
 H - a potion of might
Comestibles
 f - 25 rations
 B - 3 chunks of flesh


   Skills:
 - Level 7.5 Fighting
 - Level 11.2 Axes
 - Level 5.3 Throwing
 - Level 7.0 Armour
 - Level 11.0 Shields
 + Level 4.3 Invocations


You had 10 spell levels left.
You didn't know any spells.
Your spell library contained the following spells:

 Spells                   Type           Power        Failure   Level  Hunger
 Animate Skeleton         Necr           N/A          95%         1    ##.....
 Apportation              Tloc           #.....       95%         1    ##.....
 Corona                   Hex            #......      95%         1    ##.....
 Foxfire                  Conj/Fire      #...         95%         1    ##.....
 Summon Small Mammal      Summ           #...         95%         1    ##.....
 Conjure Flame            Conj/Fire      #.......     100%        3    ####...
 Inner Flame              Hex/Fire       #.......     100%        3    ####...
 Sticky Flame             Conj/Fire      #.......     100%        4    #####..
 Fireball                 Conj/Fire      #.........   100%        5    ######.


Dungeon Overview and Level Annotations

Branches:
Dungeon (10/15)            Temple (1/1) D:6            Lair (0/6) D:8
    Orc: D:9-12

Altars:
Cheibriados
Dithmenos
Elyvilon
Fedhas
Gozag
Hepliaklqana
Kikubaaqudgha
Makhleb
Okawaru
Qazlal
Sif Muna
Trog
Uskayaw
Wu Jian
Xom
Yredelemnul
Zin
The Shining One

Shops:
D:6 (   D:10 !


Innate Abilities, Weirdness & Mutations

You cannot be hasted, slowed, berserked, paralysed or teleported.
You can dig through walls and to a lower floor.
Your four strong arms can wield two-handed weapons with a shield.
You have a pair of large antennae on your head. (SInv)


Message History

The orc warrior closely misses you.
Your chain mail prevents you from hitting the orc warrior.
The orc warrior is almost dead.
The yak is no longer sharing its pain. x2
The orc warrior hits you but does no damage.
You closely miss the orc warrior.
The orc warrior is almost dead.
You barely miss the orc warrior.
The orc warrior is almost dead.
The orc warrior hits you with a +0 long sword.
* * * LOW HITPOINT WARNING * * *
You barely miss the orc warrior.
The orc warrior is almost dead.
You feel sick.
You are no longer poisoned.
The orc warrior hits you with a +0 long sword!
* * * LOW HITPOINT WARNING * * *
Unknown command.
The orc warrior throws a stone.
The stone hits you!
You die...

##...........................
##...................≈≈≈....
##.........####.......≈≈..##
##.........#####'##..≈≈≈≈..#
##.....>≈......#......))...#
......................†....#
...................)..#
..##......≈......#.[.##
..##...........#@#.Y.####.#
..##.............##†......#
..##............#oY.####..#
.....####'##..#.{Y### #
####......###...###{
.......##.....###{{
.......##..#### .#....##..##
.#####...## {


You could see a yak and an orc warrior.

Vanquished Creatures
  Harold (D:8)
  A two-headed ogre (D:8)
  Pikel (D:7)
  A deep elf mage (D:8)
  3 trolls
  A troll (shapeshifter) (D:8)
  Prince Ribbit (D:5)
  A hippogriff (D:8)
  Sigmund (D:5)
  A vampire (D:8)
  A wyvern (D:10)
  3 yaks
  Menkaure (D:7)
  2 water moccasins
  An acid dragon (D:10)
  A porcupine (D:8)
  3 sky beasts
  2 orc warriors
  A black bear (D:7)
  3 ice beasts
  2 phantoms
  6 ogres
  7 centaurs
  A crocodile (D:8)
  3 big kobolds
  8 bullfrogs
  Blork the orc (D:5)
  5 scorpions
  A water moccasin skeleton (D:4)
  A killer bee (D:8)
  3 crimson imps
  A centaur zombie (D:8)
  3 howler monkeys
  A bullfrog zombie (D:7)
  A bullfrog skeleton (D:8)
  4 hounds
  6 orc priests
  3 centaur skeletons
  5 orc wizards
  Crazy Yiuf (D:5)
  An iguana (D:9)
  9 worker ants
  A killer bee zombie (D:7)
  2 hound zombies
  3 hound skeletons
  A howler monkey skeleton (D:7)
  A howler monkey zombie (D:5)
  2 worker ant zombies
  4 gnolls
  11 adders
  3 shadow imps
  2 adder zombies
  An ooze (D:4)
  2 adder skeletons
  2 worms
  2 dart slugs
  8 leopard geckos
  29 orcs
  4 giant cockroaches
  7 goblins
  7 hobgoblins
  12 jackals
  4 quokkas
  A ball python (D:3)
  9 bats
  5 frilled lizards
  A jackal skeleton (D:4)
  18 kobolds
  A leopard gecko skeleton (D:6)
  A quokka skeleton (D:4)
  6 rats
  3 fungi (D:8)
256 creatures vanquished.

Vanquished Creatures (others)
  An adder zombie (D:7)
  12 fungi
  5 plants (D:8)
18 creatures vanquished.

Grand Total: 274 creatures vanquished

Notes
Turn   | Place    | Note
-------+----------+-------------------------------------------
     0 | D:1      | DunjonMajik the Formicid Fighter began the quest for the
                  | Orb.
     0 | D:1      | Reached XP level 1. HP: 18/18 MP: 1/1
   417 | D:1      | Reached XP level 2. HP: 24/24 MP: 2/2
   844 | D:2      | Reached XP level 3. HP: 25/29 MP: 3/3
  1283 | D:2      | Reached XP level 4. HP: 29/35 MP: 4/4
  1885 | D:3      | Found a stormy altar of Qazlal.
  2135 | D:3      | Reached XP level 5. HP: 41/41 MP: 5/5
  2297 | D:3      | Reached skill level 5 in Shields
  2443 | D:3      | Found a faded altar of an unknown god.
  2822 | D:4      | Noticed an ogre
  2868 | D:3      | Killed an ogre
  2868 | D:3      | Reached XP level 6. HP: 11/47 MP: 6/6
  3502 | D:4      | Reached XP level 7. HP: 35/52 MP: 7/7
  3791 | D:4      | Reached skill level 5 in Axes
  4757 | D:5      | Entered Level 5 of the Dungeon
  4810 | D:4      | Reached XP level 8. HP: 22/58 MP: 8/8
  5592 | D:5      | Noticed Sigmund
  5616 | D:5      | Killed Sigmund
  5644 | D:5      | Reached skill level 5 in Fighting
  5913 | D:5      | Noticed Prince Ribbit
  6161 | D:5      | Killed Prince Ribbit
  6161 | D:5      | Reached XP level 9. HP: 57/72 MP: 9/9
  6446 | D:5      | Noticed Blork the orc
  6460 | D:5      | Killed Blork the orc
  6460 | D:5      | Reached skill level 1 in Throwing
  6952 | D:5      | Found a runed translucent door.
  6953 | D:5      | Noticed Crazy Yiuf
  6962 | D:5      | Killed Crazy Yiuf
  7173 | D:6      | Found Bomn's Antique Weapon Shop.
  7296 | D:6      | Found a staircase to the Ecumenical Temple.
  7312 | Temple   | Entered the Ecumenical Temple
  7347 | Temple   | Became a worshipper of Uskayaw the Reveler
  7454 | D:6      | Reached * piety under Uskayaw
  7508 | D:6      | Reached ** piety under Uskayaw
  7743 | D:7      | Reached *** piety under Uskayaw
  7745 | D:7      | Reached skill level 5 in Throwing
  7745 | D:7      | Reached **** piety under Uskayaw
  8012 | D:7      | Noticed Pikel
  8023 | D:7      | Killed Pikel
  8023 | D:7      | Reached XP level 10. HP: 60/79 MP: 10/10
  8258 | D:7      | Got a masterwork dagger
  8285 | D:7      | Identified the cursed +1 dagger "Xoiteh" {vamp, rN+} (You
                  | found it on level 7 of the Dungeon)
  8468 | D:7      | Noticed Menkaure
  8471 | D:7      | Killed Menkaure
  8749 | D:8      | Found a staircase to the Lair.
  8775 | D:8      | Reached ***** piety under Uskayaw
  8781 | D:8      | Reached ****** piety under Uskayaw
  9155 | D:8      | Noticed Harold
  9170 | D:8      | Killed Harold
  9170 | D:8      | Reached skill level 10 in Axes
  9503 | D:8      | Reached skill level 5 in Armour
  9503 | D:8      | Reached XP level 11. HP: 48/84 MP: 11/11
  9688 | D:8      | Noticed a two-headed ogre
  9690 | D:8      | Noticed a deep elf mage
  9731 | D:8      | Killed a two-headed ogre
  9868 | D:8      | Killed a deep elf mage
  9986 | D:8      | Noticed an orb spider
  9987 | D:8      | an orb spider changed into a troll
 10549 | D:9      | Reached skill level 10 in Shields
 10860 | D:10     | Entered Level 10 of the Dungeon
 11134 | D:10     | Reached skill level 1 in Invocations
 11315 | D:10     | Found Ekkis's Distillery.
 11323 | D:10     | Bought a potion of lignification for 51 gold pieces
 11389 | D:10     | HP: 4/84 [orc warrior/+0 long sword (14)]
 11390 | D:10     | Hit by a stone thrown by an orc warrior

Illustrated notes

Levels and vault maps discovered:
D:1:      matt_arrival_refuge, layout_rooms, chequers_jeans,
          chequers_mini_garden
D:2:      minmay_door_path, layout_basic
D:3:      layout_rooms, grunt_qazlal_clouds, first_ration,
          chequers_ecumenical_altar_simple, minivault_14, grunt_ministairs_11
D:4:      layout_cave_pools, minivault_5
D:5:      layout_layer_cave, due_unseen_surprise, uniq_blork_the_orc,
          uniq_sigmund, uniq_crazy_yiuf_cottage, uniq_prince_ribbit1
D:6:      layout_loops_ring, minmay_temple_entry_sparse_star, serial_shops, shop
D:7:      layout_basic, uniq_pikel, uniq_menkaure
D:8:      minmay_slanted_spiral_squares, layout_basic,
          due_lair_maze_entry_diamond, uniq_harold
D:9:      layout_cross
D:10:     minmay_the_grid_triangle_9x9_recursive_2
          [minmay_the_grid_triangle_9x9_prize_center,
          minmay_the_grid_triangle_9x9_thin_v,
          minmay_the_grid_triangle_9x9_checkered,
          minmay_the_grid_triangle_9x9_alien], layout_basic, serial_shops,
          nicolae_shop_behind_doors
Temple:   grunt_wide_crystal_templ

Skill      XL: |  1  2  3  4  5  6  7  8  9 10 11 |
---------------+----------------------------------+-----
Axes           | 3 4 6 7 9 10 11 | 11.2
Shields        | 4 6 7 9 11 | 11.0
Fighting       | 7 |  7.5
Throwing       | 5 |  5.3
Armour         | 5 7 |  7.0
Invocations    | 4 |  4.3

Action                   |  1- 3 |  4- 6 |  7- 9 | 10-12 || total
-------------------------+-------+-------+-------+-------++-------
Melee: War axe           |   109 |   129 |   290 |   415 ||   943
Throw: Dart              |     2 |    25 |   117 |    26 ||   170
       Boomerang         |       |       |     5 |    31 ||    36
 Abil: Dig               |       |       |     2 |     1 ||     3
  Use: Scroll            |       |       |     6 |     3 ||     9
       Potion            |       |       |     6 |       ||     6
 Stab: Invisible         |       |       |     1 |       ||     1
       Paralysed         |       |       |     1 |    42 ||    43
  Eat: Chunk             |     1 |     7 |    12 |     8 ||    28
       Ration            |       |       |     1 |     1 ||     2
Armor: Scale mail        |    81 |       |       |       ||    81
       Ring mail         |       |    60 |   108 |    56 ||   224
       Chain mail        |       |       |       |    84 ||    84
Dodge: Dodged            |    80 |    99 |   126 |   123 ||   428
Block: Kite shield       |       |    32 |   192 |   236 ||   460
